 Dungeon Crawl Stone Soup version 0.29.0-13-gc9e81de378 (webtiles) character file.

Game seed: 9122914084138408258

163693 jt the Schismatic (level 17, -9/86 HPs)
             Began as a Gargoyle Abyssal Knight on Sept 8, 2022.
             Was an Elder of Lugonu.
             Killed from afar by an ogre mage (14 damage)
             ... with a bolt of magma
             ... on level 2 of the Vaults on Sept 9, 2022.
             The game lasted 01:38:39 (46013 turns).

jt the Schismatic (Gargoyle Abyssal Knight)        Turns: 46013, Time: 01:38:41

Health: -9/86      AC: 34    Str: 23    XL:     17   Next: 54%
Magic:  18/26      EV: 12    Int: 16    God:    Lugonu [****..]
Gold:   2713       SH:  6    Dex:  7    Spells: 14/16 levels left

rFire   + + +      SeeInvis +   a - +6 broad axe (freeze)
rCold   + . .      Faith    +   Q - +0 buckler
rNeg    + . .      Spirit   .   z - +5 ring mail "Xiwn" {Fly rCorr Dex+2}
rPois   ∞          Reflect  .   S - +1 helmet {SInv}
rElec   +          Harm     .   u - scarf {rC+ rF+}
rCorr   +          Rampage  +   h - +2 pair of gloves
Will    ++...                   H - +2 pair of boots {rampage}
Stlth   +.........              J - amulet of faith
HPRegen 0.24/turn               v - ring of willpower
MPRegen 0.20/turn               t - ring of the Octopus King {rF+ HP+2 AC+2 EV+2 SH+2}

@: flying, studying Stealth
A: sickness immunity, AC +12, big wings, negative energy resistance 1,
electricity resistance, torment resistance 1, petrification resistance, fangs 1,
talons 1, clever 1, fire resistance 1, [clumsy 2], [deterioration 2], [frail 2],
[low MP 2], [subdued magic 2]
}: 1/15 runes: decaying
a: Renounce Religion, Depart the Abyss, Bend Space, Banish, Corrupt


You were on level 2 of the Vaults.
You worshipped Lugonu.
Lugonu was greatly pleased with you.
You visited 6 branches of the dungeon, and saw 29 of its levels.
You visited the Abyss 2 times.
You also visited: Bailey and Ice Cave.

You collected 4519 gold pieces.
You spent 1806 gold pieces at shops.

Inventory:

Hand Weapons
 a - a +6 broad axe of freezing (weapon)
 b - the +7 flail "Lixt" {freeze, rF+ rC+ Str+3}
   (You found it on level 4 of the Dungeon)

   It freezes those it strikes, dealing additional cold damage.
   It can also slow down cold-blooded creatures.
   Str:       It affects your strength (+3).
   rF:        It protects you from fire.
   rC:        It protects you from cold.
 k - a +2 war axe of electrocution
 l - a +3 glaive of protection
 m - a +0 arbalest of freezing
 o - a +2 vampiric war axe
 N - a +0 trident
 O - a +1 hand axe of flaming
Missiles
 q - a curare-tipped dart
 w - 15 poisoned darts
 I - 16 boomerangs (quivered)
Armour
 h - a +2 pair of gloves (worn)
 u - a scarf of resistance (worn)
 z - the +5 ring mail "Xiwn" (worn) {Fly rCorr Dex+2}
   (You found it on level 1 of the Lair of Beasts)

   Dex:       It affects your dexterity (+2).
   Fly:       It grants you flight.
   rCorr:     It protects you from acid and corrosion.
 C - a +1 hat
 H - a +2 pair of boots of rampaging (worn)
 Q - a +0 buckler (worn)
 S - a +1 helmet of see invisible (worn)
 Y - a +2 plate armour of cold resistance
Magical Staves
 F - a staff of death
Jewellery
 t - a ring of the Octopus King (right hand) {rF+ HP+2 AC+2 EV+2 SH+2}
   (You found it on level 2 of the Vaults)

   [ring of protection from fire]

   AC:        It affects your AC (+2).
   EV:        It affects your evasion (+2).
   rF:        It protects you from fire.
   HP:        It affects your health (+2).
   SH:        It affects your SH (+2).
 v - a ring of willpower (left hand)
 J - an amulet of faith (around neck)
 R - a ring of protection from cold
 T - a ring of willpower
Wands
 g - a wand of paralysis (17)
 A - a wand of polymorph (6)
 B - a wand of flame (22)
 M - a wand of iceblast (1)
 W - a wand of mindburst (8)
 Z - a wand of digging (11)
Scrolls
 e - 5 scrolls of enchant armour
 f - 5 scrolls of poison
 j - 13 scrolls of identify
 n - a scroll of brand weapon
 p - 4 scrolls of immolation
 s - 3 scrolls of butterflies
 D - 2 scrolls of magic mapping
 E - 4 scrolls of torment
 P - 2 scrolls of silence
Potions
 c - a potion of resistance
 i - 3 potions of might
 G - a potion of haste
 K - 2 potions of mutation
 U - 3 potions of magic
 V - 3 potions of invisibility
Miscellaneous
 x - a phial of floods
 L - a condenser vane
 X - a tin of tremorstones (2/2)


   Skills:
 + Level 12.1 Fighting
 - Level 14.0 Axes
 - Level 2.0 Throwing
 - Level 5.9 Armour
 - Level 2.0 Dodging
 + Level 1.2 Stealth
 + Level 5.6 Shields
 + Level 24.9 Invocations
 - Level 4.1 Evocations


You had 14 spell levels left.
You knew the following spells:

 Your Spells              Type           Power      Damage    Failure   Level
a - Passwall              Tmut/Erth      0%         N/A       50%         2

Your spell library contained the following spells:

 Spells                   Type           Power      Damage    Failure   Level
 Foxfire                  Conj/Fire      0%         2x1d4     34%         1
 Shock                    Conj/Air       0%         1d3       34%         1
 Sting                    Tmut/Pois      0%         1d3       34%         1
 Blink                    Tloc           0%         N/A       50%         2
 Call Imp                 Summ           0%         N/A       50%         2
 Ensorcelled Hibernation  Hex/Ice        0%         N/A       50%         2
 Poisonous Vapours        Pois/Air       0%         N/A       50%         2
 Conjure Flame            Conj/Fire      0%         6-21      75%         3
 Inner Flame              Hex/Fire       0%         N/A       75%         3
 Summon Guardian Golem    Hex/Summ       0%         N/A       75%         3
 Swiftness                Air            0%         N/A       75%         3
 Tukima's Dance           Hex            0%         N/A       75%         3
 Airstrike                Air            0%         2d(0-16)  99%         4
 Cause Fear               Hex            0%         N/A       99%         4
 Corpse Rot               Necr/Pois/Air  0%         N/A       99%         4
 Dispel Undead            Necr           0%         3d6       99%         4
 Flame Wave               Conj/Fire      0%         2d4       99%         4
 Hailstorm                Conj/Ice       0%         3d3       99%         4
 Ice Form                 Ice/Tmut       0%         N/A       99%         4
 Olgreb's Toxic Radiance  Pois           0%         N/A       99%         4
 Passage of Golubria      Tloc           0%         N/A       99%         4
 Summon Lightning Spire   Summ/Air       0%         N/A       99%         4
 Iskenderun's Battlesphe  Conj           0%         2d6       100%        5
 Manifold Assault         Tloc           0%         N/A       100%        5
 Yara's Violent Unravell  Hex/Tmut       0%         3d3       100%        5
 Death Channel            Necr           0%         N/A       100%        6
 Iron Shot                Conj/Erth      0%         9d1       100%        6
 Simulacrum               Ice/Necr       0%         N/A       100%        6
 Spellforged Servitor     Conj/Summ      0%         N/A       100%        7
 Storm Form               Tmut/Air       0%         N/A       100%        7
 Discord                  Hex            0%         N/A       100%        8
 Maxwell's Capacitive Co  Air            0%         ∞         100%        8
 Shatter                  Erth           0%         3d5*      100%        9
 Statue Form              Tmut/Erth      Unusable   N/A       N/A         6

Dungeon Overview and Level Annotations

Branches:
Dungeon (14/15)            Temple (0/1) D:6            Lair (5/5) D:10
  Swamp (4/4) Lair:2        Snake (1/4) Lair:3        Slime (0/5) Lair:5
    Orc (2/2) D:10            Elf (0/3) Orc:2        Vaults (3/5) D:14
 Bailey (visited)           IceCv (visited)
  Crypt: Vaults:2-3

Altars:
Fedhas
Gozag
Kikubaaqudgha
Ru
Sif Muna
Vehumet

Shops:
D:5 :![*   Orc:2 [[*(

Portals:
Trove: D:12 (give horn of Geryon)

Annotations:
D:14 corrupted
Swamp:1 Jorgrun
Vaults:2 corrupted, Sojobo
Abyss:1 Snorg


Innate Abilities, Weirdness & Mutations

You are immune to sickness and miasma.
Your stone body is resilient. (AC +12)
You are immune to poison.
Your large and strong wings let you fly.
You resist negative energy. (rN+)
You are resistant to electric shocks. (rElec)
You are resistant to unholy torment.
You are immune to petrification.
You have very sharp teeth.
You have sharp toenails.
Your mind is acute. (Int +4, Str/Dex -1)
Your flesh is heat resistant. (rF+)
[You are very clumsy. (Dex -4)]
[Your body often deteriorates upon taking damage.]
[You are very frail. (-20% HP)]
[Your magical capacity is very low. (-20% MP)]
[Your spells are easier to cast, but less powerful.]


Message History

* * * LOW HITPOINT WARNING * * *
You rampage towards the yaktaur captain!
You slash the yaktaur captain! You freeze the yaktaur captain.
The yaktaur captain is lightly wounded.
The ogre mage gestures wildly while chanting.
The ogre mage flickers and vanishes for a moment.
The yaktaur captain unwields a +0 arbalest.
The yaktaur captain hits you.
* * * LOW HITPOINT WARNING * * *
You feel better.
Unknown command.
Press: ? - help, v - describe, . - travel
Here: a yaktaur captain (lightly wounded)
The floor.
You feel better. The yaktaur captain hits you!
* * * LOW HITPOINT WARNING * * *
You slice the yaktaur captain!! You freeze the yaktaur captain!
The yaktaur captain is severely wounded.
The yaktaur captain hits you but does no damage.
You slash the yaktaur captain! You freeze the yaktaur captain.
You bite the yaktaur captain, but do no damage.
The yaktaur captain is almost dead.
The yaktaur captain hits you but does no damage.
You slice the yaktaur captain!! You freeze the yaktaur captain.
You kill the yaktaur captain!
Lugonu accepts your kill.
The ogre mage points at you and mumbles some strange words.
You resist with almost no effort.
Your Stealth skill increases to level 1!
Press: ? - help, Shift-Dir - straight line, f - ogre mage
Aim: an ogre mage, wielding a +0 flail and wearing a +0 robe (slightly transparent, chance to affect: 51%)
The ogre mage resists with significant effort.
Press: ? - help, v - describe, . - travel The floor.
Press: ? - help, Shift-Dir - straight line, f/p - ogre mage
Aim: an ogre mage, wielding a +0 flail and wearing a +0 robe (slightly transparent, chance to affect: 51%)
The ogre mage resists with significant effort.
The ogre mage points at you and mumbles some strange words.
The bolt of magma hits you! You partially resist.
You die...

....))...# ....)#...#
.....#...# ################
.....#...# #..............#
######...# #..............#
#...# #..............# #...#
#..............# #...#
#.....)........# ######.).#
#....@O........# ...=.#...#
#..............# .....#...#
#......./......# .....)...#
######+######### .....#...#
#....[......# .....#...#
#.#.###.##### .....#...#
#.#.#.#..!#.#
######...#.#####.#.###.########
#...#.........#...#......#


You could see an ogre mage (invisible).

Vanquished Creatures
  A thorn hunter (Swamp:3)
  A tengu reaver (Vaults:3)
  Kirke (Swamp:1)
  A fenstrider witch (Swamp:4)
  3 vault wardens (Vaults:2)
  An ironbound thunderhulk (Vaults:2)
  The ghost of Juirae the Grappler, a journeyman TrMo of Wu Jian (Lair:3)
  4 ironbound preservers (Vaults:2)
  A bunyip (Swamp:4)
  3 fire dragons (Swamp:4)
  Josephine (Lair:5)
  A vault guard (D:14)
  A yaktaur captain (Vaults:2)
  3 ghost crabs
  A peacekeeper (Vaults:2)
  4 centaur warriors (D:14)
  16 hydras
  An ice dragon (Lair:5)
  A spriggan air mage (Swamp:3)
  4 two-headed ogres
  A naga warrior (Lair:3)
  An ironbound frostheart (Vaults:2)
  2 catoblepae
  3 alligators (Swamp:4)
  5 orc high priests (Orc:2)
  9 death yaks
  A salamander mystic (Lair:3)
  5 skeletal warriors
  2 goliath frogs
  A spriggan druid (Swamp:1)
  6 swamp dragons
  10 deep trolls (Vaults:2)
  2 bog bodies
  7 lindwurms
  2 wizards (Vaults:2)
  6 ironbound convokers
  A necromancer (Vaults:2)
  A deep elf pyromancer (D:14)
  An orc sorcerer (Orc:2)
  4 cyclopes
  2 manticores
  6 ugly things
  19 elephants
  8 black mambas
  5 torpor snails (Lair:5)
  An ice statue (IceCv)
  9 cane toads
  A molten gargoyle (Swamp:4)
  2 gargoyles
  6 yaktaurs
  An efreet (D:11)
  An unseen horror (D:13)
  An anaconda simulacrum (IceCv)
  10 komodo dragons
  A kobold demonologist (D:12)
  3 rime drakes
  8 hornets
  5 trolls
  The ghost of jt the Chopper, an amateur MiAK of Lugonu (D:5)
  2 polar bears
  9 tyrant leeches
  13 blink frogs
  10 dream sheep
  7 wraiths
  2 vampires
  2 spriggans (Swamp:3)
  3 shadows
  A fire elemental (Swamp:4)
  A dire elephant simulacrum (IceCv)
  4 wyverns
  5 hogs
  4 steam dragons
  33 yaks
  23 vampire mosquitoes
  9 basilisks
  2 death yak simulacra (IceCv)
  A harpy simulacrum (IceCv)
  A warg (Orc:1)
  14 swamp worms
  An acid dragon (D:10)
  4 nagas (Lair:3)
  A hydra simulacrum (IceCv)
  13 water moccasins
  3 sky beasts (D:7)
  2 ice beasts
  34 orc warriors
  8 swamp drakes
  2 black bears
  3 ogres
  28 wolves
  6 centaurs
  A phantom (D:6)
  7 kobold brigands
  12 bullfrogs
  2 scorpions
  3 cane toad simulacra (IceCv)
  7 earth elementals (D:13)
  5 two-headed ogre simulacra (IceCv)
  8 wights
  3 killer bees (D:9)
  3 troll zombies (D:10)
  6 howler monkeys
  2 vampire bats (Orc:2)
  5 electric eels
  Crazy Yiuf (D:5)
  5 hounds
  A jelly (D:4)
  29 orc priests
  Jessica (D:2)
  2 gnoll boudas
  4 iguanas
  29 orc wizards
  2 spriggan simulacra (IceCv)
  A hell rat (Lair:5)
  A polar bear simulacrum (IceCv)
  4 troll simulacra (IceCv)
  A wolf simulacrum (IceCv)
  5 ogre zombies (D:10)
  2 centaur simulacra (D:10)
  14 gnolls
  3 naga simulacra (IceCv)
  7 adders
  7 white imps
  8 ufetubi
  2 worms
  4 dart slugs
  62 orcs
  9 bats
  9 endoplasms
  5 giant cockroaches
  21 goblins
  14 hobgoblins
  2 jackals (D:2)
  2 quokkas
  5 ball pythons
  3 frilled lizards
  2 goblin skeletons (D:10)
  4 goblin zombies (D:10)
  A hobgoblin skeleton (D:10)
  3 hobgoblin zombies (D:10)
  23 kobolds
  An orc skeleton (D:10)
  14 orc zombies (D:10)
  6 rats
  A butterfly (Lair:4)
  A fire vortex (Swamp:4)
846 creatures vanquished.

Vanquished Creatures (others)
  A reaper (IceCv)
  A crystal guardian (Vaults:2)
  2 hydras
  2 tengu warriors (D:14)
  A swamp dragon (Swamp:4)
  2 lindwurms
  2 cyclopes (D:14)
  3 ugly things (D:14)
  An ice devil (IceCv)
  An anaconda simulacrum (IceCv)
  A tyrant leech (Swamp:4)
  2 humans (Swamp:1)
  A death yak simulacrum (IceCv)
  A vampire mosquito (D:14)
  2 steam dragons (Swamp:4)
  A harpy simulacrum (IceCv)
  A swamp worm (Swamp:4)
  A hydra simulacrum (IceCv)
  2 swamp drakes (Swamp:4)
  An elephant simulacrum (IceCv)
  3 orc wizards
  A spriggan simulacrum (IceCv)
  A naga simulacrum (IceCv)
  A white imp (IceCv)
  21 fungi
  51 plants
  10 starspawn tentacles
117 creatures vanquished.

Grand Total: 963 creatures vanquished

Notes
Turn   | Place    | Note
-------+----------+-------------------------------------------
     0 | Abyss:1  | jt the Gargoyle Abyssal Knight began the quest for the Orb.
     0 | Abyss:1  | Reached XP level 1. HP: 14/14 MP: 2/2
     1 | D:1      | Escaped the Abyss
   136 | D:1      | Reached XP level 2. HP: 12/19 MP: 3/3
   313 | D:1      | Found a faded altar of an unknown god.
   829 | D:1      | Reached XP level 3. HP: 20/23 MP: 4/4
  1230 | D:2      | Noticed Jessica
  1238 | D:2      | Killed Jessica
  1265 | D:2      | Reached XP level 4. HP: 28/28 MP: 5/5
  1512 | D:2      | Reached *** piety under Lugonu
  2218 | D:3      | Found a shimmering blue altar of Sif Muna.
  2256 | D:3      | Reached XP level 5. HP: 12/32 MP: 5/7
  3391 | D:2      | Reached skill level 3 in Invocations
  3766 | D:3      | Identified the +2 short sword "Tormentor" {flame, Will+}
  4144 | D:4      | Learned a level 2 spell: Passwall
  4298 | D:4      | Reached XP level 6. HP: 22/37 MP: 8/8
  4440 | D:4      | Identified the +7 flail "Lixt" {freeze, rF+ rC+ Str+3}
  4546 | D:4      | Reached skill level 5 in Axes
  4546 | D:4      | Reached skill level 4 in Invocations
  5318 | D:5      | Entered Level 5 of the Dungeon
  5378 | D:5      | Noticed a water moccasin
  5386 | D:5      | Killed a water moccasin
  5387 | D:5      | Reached XP level 7. HP: 41/41 MP: 10/10
  5404 | D:5      | Found a runed translucent gate.
  5404 | D:5      | Found a runed translucent gate.
  5411 | D:5      | Found a runed translucent gate.
  5415 | D:5      | Noticed jt's ghost (amateur MiAK)
  5465 | D:5      | Found an opulent altar of Gozag.
  5469 | D:5      | Found a sacrificial altar of Ru.
  5470 | D:5      | Found a blossoming altar of Fedhas.
  5470 | D:5      | Found an ancient bone altar of Kikubaaqudgha.
  5503 | D:5      | Reached skill level 5 in Invocations
  5553 | D:5      | Found Boperch's Antique Armour Shop.
  5555 | D:5      | Found Pionifo's Assorted Antiques.
  5557 | D:5      | Found Jonlal's Book Shop.
  5558 | D:5      | Found Pucatuk's Distillery.
  5591 | D:5      | Bought a pair of glowing boots for 210 gold pieces
  5656 | D:5      | Reached **** piety under Lugonu
  5657 | D:5      | Reached XP level 8. HP: 45/47 MP: 12/12
  5686 | D:5      | Found a runed translucent door.
  5687 | D:5      | Noticed Crazy Yiuf
  5695 | D:5      | Killed Crazy Yiuf
  5772 | D:5      | Found a radiant altar of Vehumet.
  5939 | D:6      | Reached skill level 6 in Invocations
  6183 | D:6      | Found a staircase to the Ecumenical Temple.
  6193 | D:6      | Reached skill level 5 in Fighting
  6221 | D:6      | Reached skill level 7 in Invocations
  6652 | D:7      | Reached XP level 9. HP: 55/55 MP: 14/14
  7606 | D:8      | Reached skill level 1 in Evocations
  7610 | D:8      | Reached skill level 8 in Invocations
  7635 | D:8      | Reached ***** piety under Lugonu
  7958 | D:8      | Reached XP level 10. HP: 37/63 MP: 16/16
  8095 | D:8      | Noticed a two-headed ogre
  8096 | D:8      | Banished a two-headed ogre
  8097 | D:8      | Reached skill level 9 in Invocations
  8257 | D:8      | Identified the +4 spear "Saohuff" {venom, rF- Int+8}
  9207 | D:9      | Found a flagged portal.
  9231 | D:9      | Identified the +7 hand axe of Arrival {chaos, Int+4}
  9239 | Bailey   | Entered a bailey
  9784 | Bailey   | Reached skill level 10 in Invocations
 10015 | Bailey   | Noticed an orc warlord
 10031 | Bailey   | Banished an orc warlord
 10032 | Bailey   | Reached skill level 1 in Throwing
 10032 | Bailey   | Reached XP level 11. HP: 70/71 MP: 18/18
 10229 | Bailey   | Reached skill level 10 in Fighting
 10229 | Bailey   | Reached skill level 10 in Axes
 10229 | Bailey   | Reached skill level 5 in Armour
 10229 | Bailey   | Reached skill level 11 in Invocations
 10229 | Bailey   | Reached XP level 12. HP: 79/79 MP: 20/20
 10617 | D:9      | Noticed a two-headed ogre
 10631 | D:9      | Killed a two-headed ogre
 10903 | D:10     | Entered Level 10 of the Dungeon
 11065 | D:10     | Found a staircase to the Orcish Mines.
 11125 | D:10     | Reached skill level 12 in Invocations
 11131 | D:10     | Gained mutation: You have very sharp teeth. [potion of
                  | mutation]
 11131 | D:10     | Gained mutation: Your flesh is heat resistant. (rF+)
                  | [potion of mutation]
 11131 | D:10     | Gained mutation: You have sharp toenails. [potion of
                  | mutation]
 11131 | D:10     | Gained mutation: Your mind is acute. (Int +4, Str/Dex -1)
                  | [potion of mutation]
 11818 | D:10     | Noticed a two-headed ogre
 11843 | D:10     | Banished a two-headed ogre
 12308 | D:5      | Bought a worn bone wand for 112 gold pieces
 12317 | D:5      | Bought 2 potions of curing for 84 gold pieces
 12317 | D:5      | Bought 2 potions of heal wounds for 140 gold pieces
 12317 | D:5      | Bought a potion of heal wounds for 70 gold pieces
 12317 | D:5      | Bought a potion of might for 56 gold pieces
 12506 | D:10     | Noticed a two-headed ogre
 12518 | D:10     | Killed a two-headed ogre
 12652 | D:10     | Noticed a two-headed ogre
 12662 | D:10     | Banished a two-headed ogre
 13079 | D:10     | Found a staircase to the Lair.
 13238 | Orc:1    | Entered Level 1 of the Orcish Mines
 13254 | Orc:1    | Reached ****** piety under Lugonu
 13478 | Orc:1    | Reached skill level 13 in Invocations
 13917 | Orc:2    | Entered Level 2 of the Orcish Mines
 13917 | Orc:2    | Found a staircase to the Elven Halls.
 14027 | Orc:2    | Noticed an orc high priest
 14057 | Orc:2    | Killed an orc high priest
 14058 | Orc:2    | Reached XP level 13. HP: 58/84 MP: 22/22
 14754 | Lair:1   | Entered Level 1 of the Lair of Beasts
 15402 | Lair:1   | Identified the +5 ring mail "Xiwn" {Fly rCorr Dex+2}
 15582 | D:5      | Bought a distressingly furry plate armour for 868 gold
                  | pieces
 15582 | D:5      | Identified the +0 plate armour of Generosity {Dex+4} (You
                  | bought it in a shop on level 5 of the Dungeon)
 15925 | Lair:2   | Reached skill level 14 in Invocations
 16142 | Lair:2   | Found a frozen archway.
 16237 | IceCv    | Entered an ice cave
 17938 | IceCv    | Noticed a reaper
 17955 | IceCv    | Corrupted IceCv
 17955 | IceCv    | Noticed a rakshasa
 17956 | IceCv    | Noticed a starcursed mass
 17956 | IceCv    | Noticed a purple very ugly thing
 17962 | IceCv    | Killed a reaper
 18200 | Lair:2   | Found a runed translucent door.
 18473 | Lair:2   | Found a staircase to the Swamp.
 19696 | Lair:2   | Noticed a minotaur
 20065 | Lair:3   | Reached skill level 15 in Invocations
 20721 | Lair:3   | Found a staircase to the Snake Pit.
 20984 | Lair:3   | Identified the +5 war axe "Pisia" {protect, Drain rElec
                  | Dex+3}
 21438 | Lair:4   | Gained mutation: Your large and strong wings let you fly.
                  | [Gargoyle growth]
 21438 | Lair:4   | Reached XP level 14. HP: 76/90 MP: 25/25
 21798 | Lair:4   | Reached skill level 1 in Dodging
 22298 | Lair:4   | Reached skill level 16 in Invocations
 22688 | D:5      | Bought a crude chain mail for 266 gold pieces
 22688 | D:5      | Identified the +1 chain mail of the Shining Light {*Slow
                  | rPois Regen+} (You bought it in a shop on level 5 of the
                  | Dungeon)
 22890 | Lair:4   | Got the Precepts of the Rocky Throng
 23732 | Lair:4   | Noticed Juirae's ghost (journeyman TrMo)
 23790 | Lair:4   | Found a runed translucent door.
 23816 | Lair:4   | Noticed Snorg
 23819 | Lair:4   | Banished Snorg
 24362 | Lair:4   | Reached skill level 17 in Invocations
 24669 | Lair:5   | Entered Level 5 of the Lair of Beasts
 25261 | Lair:5   | Noticed Josephine
 25271 | Lair:5   | Killed Josephine
 25353 | Lair:5   | Found a staircase to the Slime Pits.
 25451 | Lair:5   | Reached skill level 18 in Invocations
 26247 | Lair:5   | Found a runed translucent door.
 26305 | Lair:5   | Reached XP level 15. HP: 41/94 MP: 28/28
 26932 | Lair:5   | Reached skill level 19 in Invocations
 28893 | Lair:5   | Reached skill level 20 in Invocations
 29115 | Swamp:1  | Entered Level 1 of the Swamp
 29334 | Swamp:1  | Noticed Kirke
 29862 | Orc:2    | Found Sucuarau's Assorted Antiques.
 29863 | Orc:2    | Found Ujiyrph's Weapon Boutique.
 29867 | Orc:2    | Found Ifie's Armour Shop.
 29872 | Orc:2    | Found Koirhine's Armour Shop.
 30032 | Orc:2    | Paralysed by an orc sorcerer for 4 turns
 30649 | D:5      | Killed jt's ghost
 31760 | Lair:4   | Identified a scroll of acquirement
 31761 | Lair:4   | Acquired 1269 gold pieces
 31934 | Swamp:1  | Killed Kirke
 32402 | Swamp:1  | Reached skill level 21 in Invocations
 32653 | Swamp:1  | Noticed Jorgrun
 33125 | Swamp:4  | Entered Level 4 of the Swamp
 35313 | D:12     | Found a portal to a secret trove of treasure.
 35783 | D:12     | Reached XP level 16. HP: 47/100 MP: 30/30
 36166 | D:12     | Reached skill level 22 in Invocations
 36859 | D:13     | Found a transporter.
 36860 | D:13     | Found a transporter.
 38302 | D:14     | Corrupted D:14
 38302 | D:14     | Noticed a tentacled starspawn
 38302 | D:14     | Noticed a tentacled starspawn
 38361 | D:14     | Reached skill level 23 in Invocations
 38388 | D:14     | Noticed a tentacled starspawn
 38391 | D:14     | Noticed an Executioner
 39111 | D:14     | Found a gate to the Vaults.
 39895 | Swamp:4  | Noticed a fenstrider witch
 39902 | Swamp:4  | Killed a fenstrider witch
 40742 | Swamp:4  | Reached skill level 24 in Invocations
 41057 | Swamp:4  | Got a decaying rune of Zot
 41492 | Swamp:3  | Noticed a thorn hunter
 41504 | Swamp:3  | Killed a thorn hunter
 42098 | Lair:3   | Killed Juirae's ghost
 42328 | Snake:1  | Entered Level 1 of the Snake Pit
 42810 | Vaults:1 | Entered Level 1 of the Vaults
 42823 | Vaults:1 | You are sucked into a shaft and drop 1 floor!
 42827 | Vaults:2 | Reached skill level 1 in Shields
 42827 | Vaults:2 | Reached XP level 17. HP: 44/104 MP: 27/33
 43339 | Vaults:2 | Corrupted Vaults:2
 43339 | Vaults:2 | Noticed a tentacled starspawn
 43339 | Vaults:2 | Noticed a tentacled starspawn
 43343 | Vaults:2 | Noticed a lich
 43368 | Vaults:2 | Noticed a tentacled starspawn
 43385 | Vaults:2 | Noticed a tentacled starspawn
 43453 | Vaults:2 | Found the ring of the Octopus King
 43460 | Vaults:2 | Identified a ring of the Octopus King {rF+ HP+2 AC+2 EV+2
                  | SH+2}
 44815 | Vaults:2 | HP: 5/108 [ironbound convoker/+0 great mace (24)]
 45209 | Vaults:2 | Reached skill level 5 in Shields
 45340 | Vaults:2 | Noticed Sojobo
 45836 | Vaults:2 | HP: 1/108 [ogre mage/+0 flail (6)]
 46003 | Vaults:2 | Escaped the Abyss
 46008 | Vaults:2 | HP: 4/86 [yaktaur captain (17)]
 46012 | Vaults:2 | Reached skill level 1 in Stealth
 46013 | Vaults:2 | Killed from afar by an ogre mage

Illustrated notes

Levels and vault maps discovered:
D:1:      psy_arrival_wood_between_worlds, layout_loops_ring,
          chequers_ecumenical_altar_simple, grunt_decor_cap, hex_medium,
          chequers_decorated_corner, minmay_tiny_reverse_x
D:2:      layout_basic, minmay_cut_off, uniq_jessica
D:3:      layout_loops_ring, kennysheep_orc_sif_temple, kennysheep_potato
D:4:      layout_loops_cross, minmay_statues_item, chequers_serial_rivers_room_b
D:5:      layout_cave_pools, nicolae_vehumet_radiance,
          mainiacjoe_overflow_alcove_3, gammafunk_ghost_split,
          minmay_shop_grid_forest, uniq_crazy_yiuf_cottage
D:6:      layout_cave_pools, minmay_temple_entry_glass
D:7:      layout_gridville, chequers_garden, minmay_misc_feat_chi,
          minmay_stone_trees_medium
D:8:      layout_rooms, serial_co_window_serial, co_window_paths_a,
          co_window_paths_b, co_window_corner_a, co_window_paths_a,
          co_window_paths_a, co_window_cross_2, co_window_broadway_b,
          co_window_of_opportunity_b, co_window_of_opportunity_b,
          co_window_unsneaky_path_e, co_window_4corner_b, co_window_paths_e,
          glass_columns_c, glass_columns_a, glass_columns_a, glass_columns_a,
          glass_columns_a, minmay_manual_maat
D:9:      layout_cave_pools, enter_bailey_2
D:10:     layout_loops_corners, lair_entry_dummy, zombieorc2_lemuel, serial_ice,
          serial_ice_b, serial_ice_a, serial_ice_e, serial_ice_k, serial_ice_d
D:11:     layout_rooms, kennysheep_dice
D:12:     layout_roguey, enter_trove_1
D:13:     gammafunk_boulding_lane, layout_cave_pods, st_stairs_13,
          hangedman_cracks_in_the_wall
D:14:     layout_roguey, david_vaults_5, minivault_26, minmay_misc_feat_ornament
Lair:1:   layout_roguey, serial_bayou_shore_a
Lair:2:   dreamdust_labyrinth, layout_hall_layers, minmay_swamp_entry_worms,
          portal_ice_cave_entry_pillars_1
Lair:3:   layout_gridlike, minmay_snake_entry_guardpost_small, disabler_island
Lair:4:   layout_regular_city, hellmonk_ghost_happy_afterlife,
          beast_lair_carwin_11, lemuel_fruit_tree, grunt_megastairs_4,
          lemuel_fruit_fields, uniq_snorg
Lair:5:   hangedman_lair_in_review, layout_regular_city, wormcave,
          slime_entry_1, serial_bayou_crossing, uniq_josephine
Swamp:1:  layout_basic_swamp, evilmike_swamp_ruin_rubble_1, uniq_jorgrun,
          uniq_kirke
Swamp:2:  layout_falls_marsh, evilmike_swamp_ruin_wall, swamp_pool3,
          infiniplex_staircase_pool_2, uniq_louise
Swamp:3:  layout_basic_swamp, evilmike_swamp_ruin_rubble_2
Swamp:4:  swamp_fiery, layout_basic_swamp, infiniplex_staircase_pool
Snake:1:  layout_cave_pods, serial_shops, nicolae_shop_advertising_works
          [nicolae_subvault_shop_adworks], serial_bayou_shore_b
Orc:1:    layout_caves, nicolae_orc_bridge_out
Orc:2:    st_orc_mages, layout_diamond_mine, roderic_batcave,
          kennysheep_orc_chapel
Vaults:1: v_alt_pattern_2, vaults_room_boxed, st_cells, v_misc_26, v_misc_8,
          vaults_room_stairs_pillars, v_misc_25, vaults_mumra_hexcomb,
          grunt_vaults_bifocal, hangedman_vaults_pinch, vaults_room_pools,
          layout_vaults_omnibox, serial_shops, nicolae_lakefront_shop
Vaults:2: ontoclasm_vaults_ligature, nicolae_vaults_network_periphery,
          ontoclasm_vaults_pinch, hangedman_vaults_impose,
          hangedman_vaults_corner, dpeg_vaults_monster_row,
          grunt_vaults_trifunnel, dpeg_vaults_monster_box, v_alt_pattern_1,
          nicolae_vaults_asterisk, layout_vaults_big_cross, uniq_asterion,
          uniq_sojobo
Vaults:3: biasface_ghost_orc_armoury, minmay_crypt_entry_skeletal_spiral,
          v_misc_26, ontoclasm_vaults_idyll, hangedman_vaults_capsules,
          vaults_room_door_ring, vaults_room_hallway, vaults_dpeg_encased_lava,
          ontoclasm_vaults_chip, layout_vaults_quadrants

Skill      XL: |  1  2  3  4  5  6  7  8  9 10 11 12 13 14 15 16 17 |
---------------+----------------------------------------------------+-----
Axes           | 2 3 4 5 6 7 8 9 10 11 13 14 | 14.0
Invocations    | 3 4 5 7 8 10 11 13 15 18 21 24 | 24.9
Armour         | 4 5 |  5.9
Fighting       | 5 7 9 10 11 12 | 12.1
Evocations     | 2 4 |  4.1
Throwing       | 1 2 |  2.0
Dodging        | 2 |  2.0
Shields        | 1 5 |  5.6
Stealth        | 1 |  1.2

Action                   |  1- 3 |  4- 6 |  7- 9 | 10-12 | 13-15 | 16-18 || total
-------------------------+-------+-------+-------+-------+-------+-------++-------
Melee: Hand axe          |    75 |   153 |       |       |       |    77 ||   305
       Flail             |       |    43 |   228 |   558 |  1331 |     9 ||  2169
       Punch             |       |       |     4 |     7 |    28 |    16 ||    55
       Bite              |       |       |       |    34 |   263 |   136 ||   433
       Broad axe         |       |       |       |       |   424 |   700 ||  1124
Throw: Dart              |       |     9 |     5 |    53 |    32 |     3 ||   102
       Stone             |       |     1 |       |       |       |       ||     1
       Boomerang         |       |       |       |       |    16 |     6 ||    22
       Throwing net      |       |       |       |       |     2 |       ||     2
Invok: Bend Space        |       |     3 |     4 |    19 |    39 |    21 ||    86
       Banish            |       |       |       |     8 |     9 |    13 ||    30
       Corrupt           |       |       |       |       |     1 |     2 ||     3
       Depart the Abyss  |       |       |       |       |       |     1 ||     1
       Enter the Abyss   |       |       |       |       |       |     1 ||     1
Evoke: Wand              |       |       |       |     4 |     7 |    10 ||    21
  Use: Scroll            |     5 |     8 |     2 |     3 |    15 |    14 ||    47
       Potion            |       |     3 |     1 |     4 |     4 |    20 ||    32
 Stab: Distracted        |     1 |       |       |     1 |       |       ||     2
       Sleeping          |       |       |       |       |     4 |     2 ||     6
Armor: Leather armour    |    19 |       |       |       |       |       ||    19
       Scale mail        |     9 |    94 |       |       |       |       ||   103
       Chain mail        |       |     7 |   154 |    54 |       |       ||   215
       Plate armour      |       |       |       |   252 |    76 |       ||   328
       Ring mail         |       |       |       |       |   979 |   582 ||  1561
Dodge: Dodged            |    35 |   100 |   195 |   272 |  1376 |   502 ||  2480
Block: Buckler           |       |       |       |       |       |    68 ||    68
